[Event "GER-ch Youth-U18w 2022"]
[Site "Willingen"]
[Date "2022.06.07"]
[Round "4.5"]
[White "Schneider, Katharina"]
[Black "Kroemer, Paulina"]
[Result "1-0"]
[ECO "B32"]
[WhiteElo "1810"]
[BlackElo "1583"]
[Annotator "NA RC COMBH"]
[PlyCount "79"]
[EventDate "2022.06.05"]
[EventType "swiss"]
[EventRounds "9"]
[EventCountry "GER"]
[SourceTitle "playchess.com"]
[Source "ChessBase"]
[SourceQuality "1"]
[TimeControl "40/4500+30:900+30"]

1. e4 c5 2. Nf3 Nc6 3. d4 cxd4 4. Nxd4 Qb6 5. Nb3 Nf6 6. Nc3 e6 7. Bd3 a6 8. Be3 Qc7 9. f4 d6 10. Qf3 Be7 11. g4 b5 12. g5 Nd7 13. O-O-O Bb7 14. Kb1 O-O-O 15. h4 Nc5 16. Nxc5 dxc5 17. Qf2 Nd4 18. Rhe1 Rd7 19. Bf1 Rhd8 $11 20. Bg2 b4 21. Ne2 Nb5 22. Rxd7 Rxd7 23. f5 Qa5 24. fxe6 ({Avoid the trap} 24. Bxc5 $2 {[#]} Nc3+ $1 25. Nxc3 (25. bxc3 $2 bxc3 26. Ka1 Bxc5 $19) 25... Bxc5 $19) 24... fxe6 25. Bh3 Qb6 26. Qf7 Nc7 27. Qg8+ Bd8 28. Nf4 Bxe4 {[#]} 29. Nxe6 $2 ({Only move:} 29. Bc1 $1 $18 Bb7 30. Qxh7 (30. Nxe6 Bd5 $11)) 29... Bd5 30. Bxc5 (30. Bf4 $11 Bxa2+ 31. Kxa2 b3+ 32. cxb3 (32. Kb1 Qa5 $11) 32... Qa5+ 33. Kb1 Qxe1+ 34. Bc1) 30... Bxa2+ $2 31. Kxa2 b3+ 32. cxb3 Qa5+ 33. Ba3 Qxe1 34. Nxd8 Qd1 35. Bxd7+ Kxd7 36. Nb7 Qh5 37. Qxg7+ Kc6 38. Nd8+ Kb6 39. Qd4+ Kb5 40. Qb4# 1-0

[Event "GER-ch Youth-U18w 2022"]
[Site "Willingen"]
[Date "2022.06.07"]
[Round "4.6"]
[White "Cheredzhiyska, Iva"]
[Black "Albayrak, Nese Pinar"]
[Result "1-0"]
[ECO "B01"]
[WhiteElo "1696"]
[BlackElo "1683"]
[Annotator "NA RC COMBH"]
[PlyCount "73"]
[EventDate "2022.06.05"]
[EventType "swiss"]
[EventRounds "9"]
[EventCountry "GER"]
[SourceTitle "playchess.com"]
[Source "ChessBase"]
[SourceQuality "1"]
[TimeControl "40/4500+30:900+30"]

1. e4 d5 2. exd5 Qxd5 3. Nc3 Qd6 4. d4 Nf6 5. Nf3 a6 6. a4 b6 7. Bc4 Nbd7 8. O-O Bb7 9. Re1 c5 10. Ng5 cxd4 11. Bxf7+ Kd8 12. Ne6+ Kc8 13. Qxd4 Qxd4 14. Nxd4 e5 15. Ne6 g6 16. a5 Bd6 17. axb6 Nxb6 18. Bg5 Nfd5 19. Rad1 Nxc3 20. Rxd6 Nc4 21. Rd3 Ne4 22. Rxe4 Bxe4 23. Rc3 Bd5 24. b3 Rb8 25. f3 Kd7 26. bxc4 Rb1+ 27. Kf2 Bc6 28. Rd3+ Kc8 29. Bf6 e4 30. fxe4 Bxe4 31. Rd4 Bxc2 32. Bxh8 a5 33. Rd2 Bf5 34. Nc5 Rb4 35. Bc3 Rb6 36. Bxa5 Rf6 37. Rd5 1-0

[Event "GER-ch Youth-U18w 2022"]
[Site "Willingen"]
[Date "2022.06.07"]
[Round "4.7"]
[White "Yue, Qizhou"]
[Black "Berghold, Lotta"]
[Result "1/2-1/2"]
[ECO "C10"]
[WhiteElo "1715"]
[BlackElo "1482"]
[Annotator "NA RC COMBH"]
[PlyCount "50"]
[EventDate "2022.06.05"]
[EventType "swiss"]
[EventRounds "9"]
[EventCountry "GER"]
[SourceTitle "playchess.com"]
[Source "ChessBase"]
[SourceQuality "1"]
[TimeControl "40/4500+30:900+30"]

1. e4 e6 2. d4 d5 3. Nd2 dxe4 4. Nxe4 Bd7 5. Nf3 Bc6 6. Ng3 Nf6 7. Ne5 Be7 8. Nxc6 Nxc6 9. c3 O-O 10. Bb5 Qd5 11. Bxc6 Qxc6 12. O-O Qd5 13. Qe2 Rfd8 14. Bf4 Bd6 15. Be5 Nd7 16. c4 Qa5 17. Bxd6 cxd6 18. Rfc1 Nf6 19. Rc3 Qb6 20. Rd1 Rac8 21. Rb3 Qc7 22. Rc3 Qd7 23. Nh5 Nxh5 24. Qxh5 f5 25. b3 Qf7 1/2-1/2

[Event "GER-ch Youth-U18w 2022"]
[Site "Willingen"]
[Date "2022.06.07"]
[Round "4.8"]
[White "Basovskiy, Jana"]
[Black "Wilmink, Anna"]
[Result "1-0"]
[ECO "B00"]
[WhiteElo "1938"]
[BlackElo "1700"]
[Annotator "TA"]
[PlyCount "135"]
[EventDate "2022.06.05"]
[EventType "swiss"]
[EventRounds "9"]
[EventCountry "GER"]
[SourceTitle "playchess.com"]
[Source "ChessBase"]
[SourceQuality "1"]
[TimeControl "40/4500+30:900+30"]

1. e4 Nc6 2. Nf3 f5 3. d3 e5 4. Bg5 Nf6 5. Nc3 Bb4 6. Qd2 {[%emt 0:02:38] C40: Latvian and Elephant Gambits.} (6. exf5 $11 d5 7. Be2) 6... h6 7. Bxf6 Qxf6 8. a3 {[%emt 0:00:08] Black is slightly better.} Ba5 (8... Bxc3 $15 9. Qxc3 d6) 9. b4 $1 $14 Bb6 10. Nd5 {[%emt 0:00:12] [#]} Qd8 $146 ({Predecessor:} 10... Qf7 11. Nxb6 axb6 12. Nh4 fxe4 13. dxe4 O-O 14. c4 d6 15. Rc1 Nd4 16. Rc3 Qf4 17. Qxf4 Rxf4 {0-1 (31) Pedote,P (1318)-Van Riemsdijk,F (1735) Sao Paulo 2016}) 11. Be2 {[%emt 0:06:39] White is more active.} (11. Nxb6 axb6 12. b5 (12. exf5 d6 $15) 12... Na7 $11) (11. a4 $5 a6 12. exf5 $14 (12. Nxb6 cxb6 13. Be2 d6 $11)) 11... d6 12. O-O (12. Nxb6 axb6 13. a4 O-O $15) (12. a4 $14) 12... Be6 (12... Ne7 $11) 13. Nxb6 (13. a4 $1 $14 a6 14. Nxb6 cxb6 15. exf5 Bxf5 16. b5) 13... axb6 $11 14. Ne1 f4 15. Bh5+ Kd7 16. c3 Qf6 17. Qd1 g5 (17... g6 $5 18. Be2 g5 $11) 18. Bg4 (18. d4 $11 exd4 19. b5) 18... h5 $15 19. Bxe6+ Qxe6 20. Nf3 Rag8 ({Black should play} 20... Qf6 $15) 21. Re1 (21. d4 $11 {remains equal.} Qe8 22. d5) 21... g4 (21... Nd8 $17) 22. Nh4 $1 $11 g3 (22... Qf6 {deserves consideration.} 23. g3 Rf8) 23. fxg3 $1 fxg3 24. h3 $1 Qf6 25. Nf5 Ne7 $36 {[%emt 0:01:45][%mdl 2048] Black has the initiative.} 26. Rf1 Qg5 (26... Nxf5 $11 27. Qa4+ Kc8) 27. Qe2 ({Better is} 27. Qa4+ $14 c6 28. b5) 27... Rf8 28. Nxe7 (28. Ne3 $11) 28... Kxe7 $15 29. Rae1 (29. a4 $15) 29... Qg7 (29... b5 $1 $17) 30. Qe3 h4 31. Rd1 (31. Rf5 $11) 31... Rxf1+ $17 32. Rxf1 {[%emt 0:00:06][%mdl 4096] Endgame KQR-KQR} Rf8 {[%emt 0:00:15] Inhibits Qf3.} (32... Ra8 {is interesting.} 33. b5 Rxa3 34. Qf3 Rxc3 35. Qh5 Rb3) 33. a4 Rxf1+ (33... Kd7 $17) 34. Kxf1 {[%emt 0:00:05] KQ-KQ} Qf7+ 35. Ke2 Qa2+ 36. Kf3 Kf7 37. Qe2 Qxa4 (37... Qe6 $11) 38. Kg4 $1 $16 Qa1 39. Kxh4 (39. c4 $1 $14) 39... Qxc3 $11 40. Qf3+ Ke8 41. Qxg3 Qxb4 42. Qg8+ (42. Qg6+ $16 Kd7 43. Qf7+ Kd8 44. Qf8+ (44. Qg8+ Ke7 $11) 44... Kd7 45. Qf7+ Kd8 46. g4 (46. Qg8+ Ke7 $11)) 42... Kd7 $2 (42... Ke7 $1 $11) 43. Qf7+ $18 Kc6 44. Qd5+ $2 (44. g4 $1 $18 {[%cal Rg4g5] and the rest is easy.}) 44... Kd7 $16 {[%emt 0:00:14] [#]} 45. Qf7+ $2 (45. g4 $1 $16) 45... Kc6 $18 {[%emt 0:00:00] [#]} 46. g4 $1 {[%emt 0:00:00] And now g5 would win.} Qe1+ 47. Kh5 {[%emt 0:00:00][%mdl 1024] Black must now prevent g5. White has strong compensation.} Qd1 (47... b5 $142) 48. Qd5+ Kd7 49. Kg6 Qh1 $2 (49... Qe1 50. Qf7+ Kc6) 50. Qf7+ Kc6 51. Qh7 $2 (51. Qc4+ $18 Kd7 52. Qf7+ Kc6 53. Qd5+ Kd7 54. g5) 51... b5 $11 52. g5 b4 {[%emt 0:00:00] ...Qf1 is the strong threat.} 53. Kf6 $2 (53. Qg8 $11 {and White has nothing to worry.}) 53... b3 $19 54. g6 Qf3+ 55. Ke7 {[%emt 0:00:00] Strongly threatening g7.} b2 ({Not} 55... Qxd3 56. Kd8 Qxe4 57. Qxc7+ Kb5 58. Qd7+ Kc5 59. Qc7+ Kb5 60. Qd7+ Qc6 61. Qf7 Qb6+ 62. Ke7 $17) 56. g7 b1=Q (56... Qxd3 57. g8=Q b1=Q 58. Kd8 Qxe4 59. Qxc7+ Kb5 60. Qxd6 $15) 57. g8=Q {[%emt 0:00:00] aiming for Kd8.} Qbxd3 58. Kd8 Qf6+ $2 ({Black should try} 58... Qfxe4 $19 59. Qxc7+ Kb5) 59. Kc8 $11 Kb5 {[%emt 0:04:24] Hoping for ...Kb4.} 60. Qxc7 {[%emt 0:02:27] Really sharp!} Qxh3+ $2 (60... Qf2 $11) 61. Kxb7 {[%emt 0:00:10][%csl Gc7][%cal Rg8c4] White mates.} Qfe6 62. Qa8 ({Inferior is} 62. Qb6+ Kc4 63. Qc6+ (63. Qf8 Qd7+ 64. Qc7+ Qxc7+ 65. Kxc7 Qa3 $17) 63... Kd3 64. Qd5+ Qxd5+ 65. Qxd5+ Kc3 66. Qa5+ Kc4 67. Qd5+ Kc3 68. Qa5+ Kc4 69. Qd5+ Kc3 $11) 62... Kb4 63. Qaa5+ Kb3 64. Qb5+ Ka2 65. Qca5+ Qa3 66. Qe2+ Kb3 67. Qd3+ Kb2 68. Qaxa3# {[%emt 0:00:07] Weighted Error Value: White=0.43/Black=0.55} 1-0

[Event "GER-ch Youth-U18w 2022"]
[Site "Willingen"]
[Date "2022.06.07"]
[Round "4.9"]
[White "Sokyrko, Sofiia"]
[Black "Dartmann Aubanell, Catriona"]
[Result "0-1"]
[ECO "C00"]
[WhiteElo "1368"]
[BlackElo "1874"]
[Annotator "NA RC COMBH"]
[PlyCount "72"]
[EventDate "2022.06.05"]
[EventType "swiss"]
[EventRounds "9"]
[EventCountry "GER"]
[SourceTitle "playchess.com"]
[Source "ChessBase"]
[SourceQuality "1"]
[TimeControl "40/4500+30:900+30"]

1. e4 e6 2. Nf3 d5 3. e5 c5 4. b4 cxb4 5. d4 Nc6 6. a3 Bd7 7. axb4 Bxb4+ 8. c3 Be7 9. Bd3 a6 10. Na3 b5 11. Nc2 Na5 12. Ne3 Qb6 13. O-O Nh6 14. Ba3 Bxa3 15. Rxa3 Nc4 16. Ra1 Rc8 17. Nxc4 ({White should try} 17. Bxc4 $14 bxc4 18. Ng5) 17... dxc4 18. Bc2 a5 19. Ng5 b4 20. Ne4 O-O 21. Nf6+ $2 gxf6 22. exf6 Qd8 23. Qf3 Kh8 24. Qf4 Nf5 25. g4 Rg8 26. Kh1 Qxf6 27. gxf5 b3 28. Bb1 a4 29. Qd6 Bc6+ 30. f3 Qg7 31. Qe5 Qxe5 32. dxe5 Ra8 33. fxe6 fxe6 34. Be4 Bxe4 35. fxe4 a3 36. Rfb1 $19 Rgd8 0-1

[Event "GER-ch Youth-U18w 2022"]
[Site "Willingen"]
[Date "2022.06.07"]
[Round "4.10"]
[White "Kosak, Karolina"]
[Black "Jacoby, Angelina"]
[Result "1/2-1/2"]
[ECO "B01"]
[WhiteElo "1471"]
[BlackElo "1535"]
[Annotator "NA RC COMBH"]
[PlyCount "42"]
[EventDate "2022.06.05"]
[EventType "swiss"]
[EventRounds "9"]
[EventCountry "GER"]
[SourceTitle "playchess.com"]
[Source "ChessBase"]
[SourceQuality "1"]
[TimeControl "40/4500+30:900+30"]

1. e4 d5 2. exd5 Qxd5 3. Nc3 Qd8 4. d4 Nf6 5. Nf3 Bg4 6. h3 Bxf3 7. Qxf3 c6 8. Be3 e6 9. Bd3 Nbd7 10. O-O Be7 11. Ne4 Nxe4 12. Bxe4 Nf6 13. Bd3 O-O 14. Rfd1 Qd5 15. Qxd5 Nxd5 16. Be4 Rfd8 17. c4 Nc7 18. Bf4 Rac8 19. Bxc7 Rxc7 20. Rd2 Rcd7 21. Rad1 Bf6 1/2-1/2

[Event "GER-ch Youth-U18w 2022"]
[Site "Willingen"]
[Date "2022.06.07"]
[Round "4.11"]
[White "Mueller, Sophie Charlotte"]
[Black "Kieckbusch, Lotta"]
[Result "1/2-1/2"]
[ECO "D35"]
[WhiteElo "1509"]
[BlackElo "1207"]
[Annotator "NA RC COMBH"]
[PlyCount "63"]
[EventDate "2022.06.05"]
[EventType "swiss"]
[EventRounds "9"]
[EventCountry "GER"]
[SourceTitle "playchess.com"]
[Source "ChessBase"]
[SourceQuality "1"]
[TimeControl "40/4500+30:900+30"]

1. d4 d5 2. c4 Nf6 3. Nc3 e6 4. cxd5 exd5 5. Bg5 c6 6. e3 Be7 7. Nf3 Bg4 8. Be2 O-O 9. O-O Nbd7 10. Qc2 Re8 11. Rae1 Rc8 12. Qb3 Qb6 13. Qxb6 Nxb6 14. Ne5 Bxe2 15. Rxe2 Nfd7 16. Bxe7 Rxe7 17. Nd3 Rce8 18. Rfe1 Nc4 19. b3 Nd6 20. f3 Nf5 21. Kf2 Kf8 22. g4 Nd6 23. e4 dxe4 24. fxe4 b6 25. d5 cxd5 26. e5 Ne4+ 27. Nxe4 dxe4 28. Rxe4 Nf6 29. Ra4 Nd5 30. Rc4 f6 31. exf6 Nxf6 32. Rxe7 1/2-1/2

[Event "GER-ch Youth-U18w 2022"]
[Site "Willingen"]
[Date "2022.06.08"]
[Round "5.1"]
[White "Bardorz, Jana"]
[Black "Rudolph, Eva"]
[Result "1/2-1/2"]
[ECO "B42"]
[WhiteElo "1974"]
[BlackElo "1860"]
[Annotator "TA"]
[PlyCount "62"]
[EventDate "2022.06.05"]
[EventType "swiss"]
[EventRounds "9"]
[EventCountry "GER"]
[SourceTitle "playchess.com"]
[Source "ChessBase"]
[SourceQuality "1"]
[TimeControl "40/4500+30:900+30"]

1. e4 c5 2. Nf3 e6 3. d4 cxd4 4. Nxd4 a6 5. Bd3 Nf6 6. O-O Qc7 7. Qe2 d6 8. c4 g6 9. Nc3 Bg7 10. Be3 O-O 11. Rac1 Nbd7 12. Rfd1 {[%emt 0:00:00] B42: Sicilian: Kan Variation: 5 Bd3.} b6 13. b4 {[%emt 0:00:00] White is much more active. The black rooks are badly placed.} Ne5 14. f3 {[%emt 0:04:38] [#] Prevents Nfg4. White is slightly better.} Rd8 $146 ({Better is} 14... Bd7 $11) ({Predecessor:} 14... Bd7 15. Nb3 Rfb8 16. Qf2 Be8 {½-½ (16) Jezov,R (2235)-Neiksans,A (2571) Liepaja 2014}) 15. Nb3 (15. Na4 $5 ) 15... Bd7 16. Bf4 (16. Qf2 $14) 16... Nh5 $11 17. Bg5 Rdc8 18. c5 (18. Nb1 $11) 18... bxc5 $17 19. bxc5 dxc5 20. Bxa6 Rcb8 {[%emt 0:09:09] Hoping for ...c4.} 21. Bc4 (21. Nb1 $17) 21... Rb4 $1 $19 22. Bb5 (22. Nb5 Bxb5 23. Bxb5 c4 24. Bxc4 Nxc4) (22. Nb5 $2 Bxb5 23. Bxb5 c4 24. Bxc4 Nxc4 $19) 22... Bxb5 23. Nxb5 Qb6 {[%emt 0:00:54] aiming for ...c4+.} 24. Nd6 (24. Nc3) (24. Nc3 $17) 24... c4+ 25. Be3 {[%emt 0:00:24] [#]} Qa6 (25... Rxa2 $3 $19 {[%mdl 512] has better winning chances.} 26. Bxb6 (26. Nxc4 Nxc4) 26... Rxe2 27. Nxc4 Nxc4 28. Rd8+ (28. Bc5 $2 Rxb3 29. Rd8+ Bf8 $19) 28... Bf8) 26. Nc5 {[%emt 0:10:34] [#]} Qxa2 (26... Qa3 $1 $17 {Threatens to win with ...Rb2.} 27. Qe1 c3) 27. Qxa2 $11 {[%emt 0:04:51] The position is equal.} Rxa2 28. Nxc4 Ra8 {[%emt 0:03:11] Prevents Rd8+.} (28... Nxc4 {is a self mate.} 29. Rd8+ Bf8 30. Bh6) 29. Nxe5 Bxe5 30. Nd3 Bd4 31. Bxd4 Rxd4 {[%emt 0:00:09] White happily takes the draw.  Weighted Error Value: White=0.33/Black=0.24 (precise)} 1/2-1/2

[Event "GER-ch Youth-U18w 2022"]
[Site "Willingen"]
[Date "2022.06.08"]
[Round "5.2"]
[White "Dietz, Kristin"]
[Black "Heutling, Elina"]
[Result "1-0"]
[ECO "B90"]
[WhiteElo "1707"]
[BlackElo "1798"]
[Annotator "NA RC COMBH"]
[PlyCount "99"]
[EventDate "2022.06.05"]
[EventType "swiss"]
[EventRounds "9"]
[EventCountry "GER"]
[SourceTitle "playchess.com"]
[Source "ChessBase"]
[SourceQuality "1"]
[TimeControl "40/4500+30:900+30"]

1. e4 c5 2. Nf3 d6 3. d4 cxd4 4. Nxd4 Nf6 5. Nc3 a6 6. Be3 e5 7. Nf3 Be7 8. Bc4 O-O 9. O-O Nc6 10. a4 h6 11. Qe2 Nb4 12. a5 Be6 13. Ra4 Bxc4 14. Qxc4 Nc6 15. b4 Rc8 16. Qb3 Qe8 17. b5 Nb8 18. Rd1 Nbd7 19. Nd2 Nc5 20. Bxc5 Rxc5 21. Rc4 Qc8 22. Nd5 Nxd5 23. exd5 axb5 24. Rxc5 Qxc5 25. Rb1 Rc8 26. Qxb5 Qxb5 27. Rxb5 Rxc2 28. Nb3 Rc7 29. Kf1 Kf8 30. a6 bxa6 31. Rb8+ Bd8 32. Rxd8+ Ke7 33. Ra8 Rc3 34. Na5 Rc5 35. Rxa6 Rxd5 36. Ra7+ Ke6 37. Nc6 f5 38. Rxg7 Kf6 39. Rg6+ Kxg6 40. Ne7+ Kf6 41. Nxd5+ Ke6 42. Ne3 h5 43. Ke2 f4 44. Nc2 h4 45. h3 d5 46. Kd3 Kf5 47. Nb4 e4+ 48. Kd4 f3 49. g4+ hxg3 50. fxg3 1-0

[Event "GER-ch Youth-U18w 2022"]
[Site "Willingen"]
[Date "2022.06.08"]
[Round "5.3"]
[White "Falke, Ornella"]
[Black "Schneider, Katharina"]
[Result "1-0"]
[ECO "C44"]
[WhiteElo "1844"]
[BlackElo "1810"]
[Annotator "NA RC COMBH"]
[PlyCount "85"]
[EventDate "2022.06.05"]
[EventType "swiss"]
[EventRounds "9"]
[EventCountry "GER"]
[SourceTitle "playchess.com"]
[Source "ChessBase"]
[SourceQuality "1"]
[TimeControl "40/4500+30:900+30"]

1. e4 e5 2. Nf3 Nc6 3. d4 exd4 4. Nxd4 Bb4+ 5. c3 Bc5 6. Nxc6 bxc6 7. Bd3 d6 8. O-O Nf6 9. Nd2 Ng4 10. Nf3 Qe7 11. Qe2 O-O 12. h3 Ne5 13. Nxe5 Qxe5 14. Kh1 Qe7 15. Bf4 Kh8 16. Rae1 Be6 17. Ba6 Rab8 18. b4 Bxb4 19. cxb4 Rxb4 20. Rb1 Ra4 21. Bd3 Qf6 22. Bc1 Rxa2 23. Bb2 Qh4 24. Kh2 Ra5 25. f4 f5 26. Qd2 Ra4 27. Qc3 Qe7 28. Qc2 Ra5 29. e5 Rc5 30. Qa4 a5 $18 31. Rfe1 Qd7 32. Re3 Rb8 33. exd6 Rb4 34. Qd1 cxd6 35. Qe2 Bg8 36. Re7 Rxb2 37. Rxb2 Qd8 38. Re8 Qf6 39. Rbb8 h6 40. Rxg8+ Kh7 41. Qe8 g5 42. Rb7+ Qg7 43. Rbxg7# 1-0

[Event "GER-ch Youth-U18w 2022"]
[Site "Willingen"]
[Date "2022.06.08"]
[Round "5.4"]
[White "Goetten Wagner, Julia"]
[Black "Cheredzhiyska, Iva"]
[Result "0-1"]
[ECO "C54"]
[WhiteElo "1631"]
[BlackElo "1696"]
[Annotator "NA RC COMBH"]
[PlyCount "102"]
[EventDate "2022.06.05"]
[EventType "swiss"]
[EventRounds "9"]
[EventCountry "GER"]
[SourceTitle "playchess.com"]
[Source "ChessBase"]
[SourceQuality "1"]
[TimeControl "40/4500+30:900+30"]

1. e4 e5 2. Nf3 Nc6 3. Bc4 Bc5 4. c3 Nf6 5. d3 d6 6. Nbd2 a6 7. Bb3 Bd7 8. Nf1 h6 9. Be3 Ba7 10. Ng3 Qe7 11. Qe2 O-O-O 12. a4 g5 13. Nxg5 hxg5 14. Bxg5 Rdg8 15. h4 Bg4 16. f3 Be6 17. Bc2 Nb8 18. O-O-O Nbd7 19. f4 exf4 20. Nh5 Qd8 21. Nxf6 Nxf6 22. Qf1 Be3+ 23. Kb1 f3 24. gxf3 Bxg5 25. hxg5 Rxh1 26. Qxh1 Rxg5 27. f4 Rg7 28. f5 Bd7 29. d4 Rh7 30. Qf1 Qe8 31. Qc4 Nxe4 32. f6 Rh1 33. Ka2 Rxd1 34. Bxd1 Nxf6 35. Qb4 Nd5 36. Qa5 Nb6 37. b3 f5 38. c4 Qf7 39. c5 dxc5 40. dxc5 Nd5 41. Bf3 Bc6 42. Ka3 Ne7 43. Bxc6 Nxc6 44. Qc3 Kb8 45. b4 f4 46. Qh8+ Ka7 47. b5 axb5 48. axb5 Na5 49. Qc3 Qb3+ 50. Qxb3 Nxb3 51. Kxb3 f3 0-1

[Event "GER-ch Youth-U18w 2022"]
[Site "Willingen"]
[Date "2022.06.08"]
[Round "5.5"]
[White "Dartmann Aubanell, Catriona"]
[Black "Basovskiy, Jana"]
[Result "1-0"]
[ECO "B13"]
[WhiteElo "1874"]
[BlackElo "1938"]
[Annotator "TA"]
[PlyCount "119"]
[EventDate "2022.06.05"]
[EventType "swiss"]
[EventRounds "9"]
[EventCountry "GER"]
[SourceTitle "playchess.com"]
[Source "ChessBase"]
[SourceQuality "1"]
[TimeControl "40/4500+30:900+30"]

1. e4 c6 2. d4 d5 3. exd5 cxd5 4. Bd3 Nc6 5. c3 Qc7 6. h3 Nf6 {[%emt 0:00:00] 6...g6 might become the main line.} 7. Ne2 {[%emt 0:00:00] B13: Caro-Kann: Exchange Variation and Panov-Botvinnik Attack.} g6 8. Bf4 Qb6 {[%emt 0:00:00] [#]} 9. Qc1 $146 {[%emt 0:00:00] White is slightly better.} ({Predecessor:} 9. Qb3 Bf5 10. Bxf5 gxf5 11. Na3 Rc8 12. f3 h5 13. h4 e6 14. Qxb6 axb6 15. Nc2 {½-½ (59) Lupulescu,C (2617)-David,A (2549) Rio Achaea 2018}) 9... Bf5 10. Bxf5 gxf5 11. Ng3 (11. O-O $14) 11... e6 12. Nd2 Be7 13. Nf3 Rg8 14. O-O Ne4 15. Rd1 Na5 16. b3 Rc8 17. Nxe4 ({White should play} 17. c4 $14) 17... fxe4 $11 18. Nd2 (18. Ne1 $11) 18... Nc6 $15 {[%emt 0:00:42][%cal Oc6d4,Ba5c6,Bc6e7,Be7g6][%mdl 32] [#] And now ...Nxd4! would win.} 19. Qb2 Qa6 (19... Qd8 $15) 20. Nf1 $11 Bf6 (20... Kf8 $11) 21. Ne3 Qb6 22. Qe2 Ne7 23. Rac1 Ng6 24. Bg3 Rd8 ({Better is} 24... Ne7 $1 $14) 25. Qh5 Qa6 (25... a6 $16 26. Ng4 (26. Qxh7 $2 Rh8 $19) 26... Bg7 27. Qxh7 Kf8) 26. Ng4 $18 (26. Qxh7 $2 Rh8 27. Ng4 Rxh7 $19) 26... Be7 27. Be5 (27. Qxh7 Rh8 28. Qg7 Bf8 $11) (27. Bc7 Rc8 28. Be5 (28. Qxh7 $2 Rh8 $19) 28... Nf8 $16) (27. c4 $18 {and White stays clearly on top.}) 27... Nxe5 $16 28. Nxe5 (28. dxe5 $16 Rh8 29. Nf6+ Bxf6 30. exf6) 28... Rg7 $11 29. Rc2 Qd6 30. Re2 Rc8 (30... Kf8 $11 {remains equal.}) 31. Re3 {[%emt 0:00:25] White is more active.} (31. f3 $16) 31... Bf6 32. Ng4 Bd8 33. Rg3 Qf8 ({Black should try} 33... Kf8 $11) 34. c4 $1 $14 {[%emt 0:01:04] Black is now going downhill.} dxc4 (34... Rg5 $16 35. Qxh7 Qg7 36. Qxg7 Rxg7) 35. Qb5+ $18 Ke7 $2 (35... Rc6) 36. Qxb7+ (36. d5 $142 Rxg4 37. Qb4+ Kf6 38. Qxf8 Rxg3 39. dxe6) 36... Rc7 37. Qxe4 (37. Qb4+ Ke8 38. Qa4+ Ke7 39. d5) 37... Rd7 $2 (37... f5 38. Qe5 fxg4) 38. Ne5 ({Weaker is} 38. Qe5 Bc7 39. Qf6+ (39. Qc5+ Bd6 $16) 39... Ke8 $18) 38... Rd6 39. Qb7+ Ke8 40. Qb5+ Ke7 41. Nc6+ Rxc6 42. Qxc6 Rxg3 43. Qc5+ Ke8 {[%emt 0:00:00] Hoping for ...Qxc5.} 44. Qxf8+ Kxf8 45. fxg3 cxb3 (45... c3 {might work better.} 46. Rc1 Bb6) 46. axb3 {[%emt 0:00:00][%mdl 4096] Endgame KR-KB} Bb6 47. Kf1 Ke7 48. Ke2 Kd6 49. Kd3 Kd5 50. Kc3 Ba5+ 51. b4 Bb6 52. g4 f5 (52... h6 $142 53. Rd2 f6) 53. gxf5 exf5 54. Rd3 f4 55. Rd1 h6 56. Rd3 a5 57. b5 a4 58. Kb4 Bxd4 {[%emt 0:00:18] [#]} 59. Rxd4+ $1 Kxd4 60. b6 {[%emt 0:00:07] Weighted Error Value: White=0.55/Black=0.61} 1-0

[Event "GER-ch Youth-U18w 2022"]
[Site "Willingen"]
[Date "2022.06.08"]
[Round "5.6"]
[White "Gröschel, Karoline"]
[Black "Orlova, Alicia"]
[Result "1/2-1/2"]
[ECO "C72"]
[WhiteElo "1546"]
[BlackElo "1724"]
[Annotator "NA RC COMBH"]
[PlyCount "106"]
[EventDate "2022.06.05"]
[EventType "swiss"]
[EventRounds "9"]
[EventCountry "GER"]
[SourceTitle "playchess.com"]
[Source "ChessBase"]
[SourceQuality "1"]
[TimeControl "40/4500+30:900+30"]

1. e4 e5 2. Nf3 Nc6 3. Bb5 a6 4. Ba4 d6 5. O-O Be7 6. h3 Nf6 7. Re1 O-O 8. c3 Re8 9. d4 b5 10. Bb3 exd4 11. cxd4 d5 12. e5 Ne4 13. Nbd2 Ng5 14. Nxg5 Bxg5 15. Nf3 Be7 16. Be3 Bf5 17. Rc1 Na5 18. Bc2 Bxc2 19. Qxc2 Rc8 20. b3 c6 21. Qb2 Qb6 22. Rc2 Rc7 23. Rec1 Rec8 24. Ne1 b4 25. Nd3 Nb7 26. Bf4 Qb5 27. Rd1 Rd7 28. Be3 Nd8 29. Qc1 Ne6 30. f4 f5 31. Qd2 c5 32. Nxc5 Nxc5 33. dxc5 Bxc5 34. Bxc5 Rxc5 35. Rxc5 Qxc5+ 36. Qd4 Qxd4+ 37. Rxd4 a5 38. g4 g6 39. Kf2 Kf7 40. Ke3 Ke6 41. g5 Rc7 42. Kd2 h6 43. h4 hxg5 44. hxg5 Rh7 45. Kc2 Rc7+ 46. Kd2 Rh7 47. Kc2 Rh4 48. Kc1 Rh3 49. Kc2 Rc3+ 50. Kd2 Rc5 51. Ke3 Rc2 52. Rd2 Rc3+ 53. Ke2 Rc7 1/2-1/2

[Event "GER-ch Youth-U18w 2022"]
[Site "Willingen"]
[Date "2022.06.08"]
[Round "5.7"]
[White "Kroemer, Paulina"]
[Black "Yue, Qizhou"]
[Result "1/2-1/2"]
[ECO "E11"]
[WhiteElo "1583"]
[BlackElo "1715"]
[Annotator "NA RC COMBH"]
[PlyCount "71"]
[EventDate "2022.06.05"]
[EventType "swiss"]
[EventRounds "9"]
[EventCountry "GER"]
[SourceTitle "playchess.com"]
[Source "ChessBase"]
[SourceQuality "1"]
[TimeControl "40/4500+30:900+30"]

1. d4 Nf6 2. Nf3 e6 3. c4 Bb4+ 4. Nbd2 b6 5. a3 Bxd2+ 6. Qxd2 d5 7. b3 O-O 8. e3 Nbd7 9. Be2 a5 10. O-O Ba6 11. Bb2 Qe7 12. Rac1 c5 13. cxd5 Bxe2 14. Qxe2 exd5 15. a4 Rfc8 16. Ba3 Qe6 17. dxc5 bxc5 18. Qc2 h6 19. Rfd1 Rab8 20. Qc3 d4 21. exd4 Rxb3 22. d5 Qb6 23. Qa1 Qb7 24. Qa2 Nxd5 25. Nd4 Rxa3 26. Qxa3 cxd4 27. Rxc8+ Qxc8 28. Rxd4 N7f6 29. h3 Qc2 30. Qd3 Qc1+ 31. Kh2 Qc7+ 32. Kg1 Qe5 33. Rc4 Qe1+ 34. Kh2 Qe5+ 35. Kg1 Qe1+ 36. Kh2 1/2-1/2

[Event "GER-ch Youth-U18w 2022"]
[Site "Willingen"]
[Date "2022.06.08"]
[Round "5.8"]
[White "Jacoby, Angelina"]
[Black "Berghold, Lotta"]
[Result "1/2-1/2"]
[ECO "A45"]
[WhiteElo "1535"]
[BlackElo "1482"]
[Annotator "NA RC COMBH"]
[PlyCount "81"]
[EventDate "2022.06.05"]
[EventType "swiss"]
[EventRounds "9"]
[EventCountry "GER"]
[SourceTitle "playchess.com"]
[Source "ChessBase"]
[SourceQuality "1"]
[TimeControl "40/4500+30:900+30"]

1. d4 Nf6 2. Bf4 d6 3. Nf3 g6 4. e3 Bg7 5. h3 O-O 6. Be2 Nbd7 7. O-O Re8 8. Bh2 c5 9. c4 Qb6 10. Qc1 Ne4 11. Rd1 Ndf6 12. Nbd2 Bd7 13. Qc2 Nxd2 14. Rxd2 Bf5 15. Bd3 Bxd3 16. Rxd3 cxd4 17. Nxd4 a6 18. Rc1 Nd7 19. b3 Rac8 20. Qd1 Rc7 21. Rd2 Rec8 22. Ne2 Nf6 23. Nc3 Qc6 24. Bg3 Ne4 25. Nxe4 Qxe4 26. Qc2 Qe6 27. Qd3 b5 28. Rdc2 b4 29. f3 Rc5 30. Bf2 Bh6 31. Kf1 Re5 32. Re1 Qf5 33. Qxf5 Rxf5 34. e4 Rf6 35. Rd1 Re6 36. Rd5 Bg7 37. Be1 Rb8 38. Rc1 Re5 39. Rcd1 Rb6 40. Bf2 Rc6 41. Be1 1/2-1/2